 Dungeon Crawl Stone Soup version 0.31-a0-700-gf13585253f (webtiles) character file.

Game seed: 8828609589091506987

515 qw the Shooter (level 7, -7/43 HPs)
             Began as a Gargoyle Hunter on Sept 7, 2023.
             Mangled by Duvessa
             ... wielding a +0 short sword
              (10 damage)
             ... on level 4 of the Dungeon.
             The game lasted 00:01:37 (2712 turns).

qw the Shooter (Gargoyle Hunter)                    Turns: 2712, Time: 00:01:37

Health: -7/43      AC: 14    Str: 14    XL:     7   Next: 20%
Magic:  7/7        EV: 11    Int: 10    God:
Gold:   120        SH:  0    Dex: 15    Spells: 6/6 levels left

rFire   . . .        Y - +0 shortbow
rCold   . . .        (shield currently unavailable)
rNeg    + . .        b - +1 ring mail {rPois}
rPois   inf          c - +0 helmet
rElec   +            f - +0 cloak
rCorr   .            e - +0 pair of gloves
SInv    .            (no boots)
Will    .....        (no amulet)
Stlth   +            (no ring)
HPRegen 0.27/turn    (no ring)
MPRegen 0.10/turn

%: no passive effects
@: no status effects
A: sickness immunity, AC +4, negative energy resistance 1, electricity
resistance, torment resistance 1, petrification resistance
a: no special abilities


You were on level 4 of the Dungeon.
You visited 1 branch of the dungeon, and saw 4 of its levels.

You collected 120 gold pieces.


Innate Abilities, Weirdness & Mutations

You are immune to sickness and miasma.
Your stone body is resilient. (AC +4)
You are immune to poison.
You resist negative energy. (rN+)
You are resistant to electric shocks. (rElec)
You are resistant to unholy torment.
You are immune to petrification.


   Skills:
 - Level 4.0 Fighting
 + Level 7.5 Ranged Weapons
 - Level 2.1 Armour
 - Level 1.5 Dodging
 - Level 1.1 Stealth


You had 6 spell levels left.
You didn't know any spells.
Your spell library was empty.

Inventory:

Hand Weapons
 Y - a +0 shortbow (weapon)
Armour
 b - a +1 ring mail of poison resistance (worn)
 c - a +0 helmet (worn)
 e - a +0 pair of gloves (worn)
 f - a +0 cloak (worn)
Scrolls
 a - a scroll of identify
 d - a scroll of revelation {unknown}
Potions
 g - a potion of haste {unknown}
 h - a potion of heal wounds {unknown}
 j - 2 potions of curing

Dungeon Overview and Level Annotations

Branches:
Dungeon (4/15)
 Temple: D:4-7

Altars:
Xom

Annotations:
D:4 Duvessa


Message History

Duvessa closely misses you.
Dowan points at you and mumbles some strange words.
The puff of frost hits you.
You shoot an arrow. The arrow closely misses Dowan.
Duvessa zaps a wand.
The puff of flame hits you.
Dowan hits you with a +1 dagger of holy wrath.
You shoot an arrow. The arrow closely misses Dowan.
Duvessa hits you but does no damage. Dowan closely misses you.
You shoot an arrow. The arrow hits Dowan!
Dowan is heavily wounded.
Duvessa completely misses you. Dowan hits you but does no damage.
You shoot an arrow. The arrow hits Dowan.
Dowan is severely wounded.
Duvessa hits you but does no damage.
Dowan smirks and points a slender finger.
Dowan casts a spell at you.
The puff of flame hits you but does no damage.
Dowan hits you but does no damage.
Duvessa says, "When magic and the sword combine, nothing stands against them."
Duvessa zaps a wand.
The puff of flame hits you.
You shoot an arrow. The arrow barely misses Dowan.
Duvessa hits you with a +0 short sword. Dowan barely misses you.
You shoot an arrow. The arrow hits Dowan.
Dowan is almost dead.
Duvessa zaps a wand.
The puff of flame hits you but does no damage.
Dowan gestures at Duvessa while chanting.
Duvessa seems to speed up.
You shoot an arrow. The arrow closely misses Dowan.
Duvessa hits you with a +0 short sword. Dowan hits you but does no damage.
Duvessa closely misses you.
You shoot an arrow. The arrow hits Dowan.
You kill Dowan!
Duvessa screams in rage.
Duvessa goes berserk!
Duvessa hits you with a +0 short sword.
You shoot an arrow. The arrow hits Duvessa.
Duvessa is lightly wounded.
Duvessa hits you with a +0 short sword!
You die...

#####..#####
#..........#
#.###..###.#
#.# #..# #>#
#..# #.# #..#
#.# #..###
#####.###....#
#.....e@%....#
#.#####)##.#.#
... +...#
#...# +...#
#}8}# #####


You could see Duvessa (berserk, fast).

Vanquished Creatures
  Sigmund (D:3)
  Dowan (D:4)
  Jessica (D:3)
  Terence (D:2)
  Robin (D:3)
  5 adders
  6 gnolls
  A worm (D:2)
  2 dart slugs (D:1)
  8 orcs
  7 bats
  9 endoplasms
  5 giant cockroaches
  15 goblins
  12 hobgoblins
  19 jackals
  2 quokkas (D:1)
  10 ball pythons
  2 frilled lizards
  10 kobolds
  4 rats
122 creatures vanquished.

Notes
Turn   | Place    | Note
-------+----------+-------------------------------------------
     0 | D:1      | qw the Gargoyle Hunter began the quest for the Orb.
     0 | D:1      | Reached XP level 1. HP: 12/12 MP: 1/1
     0 | D:1      | 0 ||| qw: Version: 0.3-a-76-g4403597
     0 | D:1      | 0 ||| qw: Game counter: 600
     0 | D:1      | 0 ||| qw: Melee chars always use a shield: true
     0 | D:1      | 0 ||| qw: God list: Okawaru
     0 | D:1      | 0 ||| qw: Allow faded altars: false
     0 | D:1      | 0 ||| qw: Do Orc after clearing Dungeon:15 true
     0 | D:1      | 0 ||| qw: Do second Lair branch before Depths: true
     0 | D:1      | 0 ||| qw: Lair rune preference: random
     0 | D:1      | 0 ||| qw: Goals: Normal
     0 | D:1      | 0 ||| PLANNING D:1-11
    96 | D:1      | Reached XP level 2. HP: 17/17 MP: 2/2
   395 | D:1      | Reached XP level 3. HP: 21/21 MP: 3/3
   417 | D:1      | Reached skill level 5 in Ranged Weapons
   734 | D:1      | 734 ||| UPGRADING to +0 pair of gloves.
   739 | D:1      | 739 ||| UPGRADING to +0 cloak.
   744 | D:1      | 744 ||| DROPPING scarf of invisibility.
   745 | D:1      | 745 ||| READING scroll labelled ERIUCAMUUH.
   746 | D:1      | 746 ||| READING scroll labelled IZODWI ZOASH.
   747 | D:1      | 747 ||| DROPPING scroll of butterflies.
   781 | D:2      | Reached skill level 3 in Fighting
   781 | D:2      | Reached XP level 4. HP: 26/28 MP: 4/4
   891 | D:2      | Reached skill level 1 in Armour
   988 | D:2      | Noticed Terence
  1004 | D:2      | HP: 7/28 [Terence/+0 flail (6)]
  1017 | D:2      | Killed Terence
  1018 | D:2      | 1018 ||| FLEEEEING.
  1019 | D:2      | 1019 ||| FLEEEEING.
  1021 | D:2      | 1021 ||| FLEEEEING.
  1022 | D:2      | 1022 ||| FLEEEEING.
  1023 | D:2      | 1023 ||| FLEEEEING.
  1024 | D:2      | 1024 ||| FLEEEEING.
  1025 | D:2      | 1025 ||| FLEEEEING.
  1026 | D:2      | 1026 ||| FLEEEEING.
  1027 | D:2      | 1027 ||| FLEEEEING.
  1028 | D:2      | 1028 ||| FLEEEEING.
  1031 | D:2      | 1031 ||| FLEEEEING.
  1032 | D:2      | 1032 ||| FLEEEEING.
  1052 | D:2      | 1052 ||| FLEEEEING.
  1067 | D:2      | 1067 ||| FLEEEEING.
  1368 | D:2      | 1368 ||| UPGRADING to +1 ring mail of poison resistance.
  1378 | D:2      | 1378 ||| DROPPING +0 leather armour.
  1379 | D:2      | 1379 ||| DRINKING 2 black potions.
  1408 | D:3      | 1408 ||| STAIRDANCE
  1408 | D:3      | Noticed Jessica
  1418 | D:3      | Killed Jessica
  1419 | D:3      | Reached XP level 5. HP: 24/32 MP: 5/5
  1421 | D:3      | 1421 ||| STAIRDANCE
  1642 | D:3      | Noticed Sigmund
  1653 | D:3      | Killed Sigmund
  1654 | D:3      | Reached skill level 7 in Ranged Weapons
  1654 | D:3      | Reached XP level 6. HP: 37/37 MP: 6/6
  1802 | D:3      | 1802 ||| Stepping ~*~*~tactically~*~*~ (outnumbered).
  1846 | D:3      | Noticed Robin
  1858 | D:3      | Killed Robin
  1918 | D:3      | Found a shimmering altar of Xom.
  2380 | D:3      | 2380 ||| UPGRADING to +0 helmet.
  2385 | D:3      | 2385 ||| READING scroll labelled XYUR PAWESSON.
  2390 | D:3      | 2390 ||| READING scroll labelled QISOAN MUOSYI.
  2391 | D:3      | 2391 ||| READING 2 scrolls of identify.
  2391 | D:3      | 2391 ||| IDENTIFYING fizzy clear potion
  2392 | D:3      | 2392 ||| DROPPING potion of degeneration.
  2403 | D:4      | 2403 ||| STAIRDANCE
  2532 | D:4      | Reached XP level 7. HP: 43/43 MP: 7/7
  2692 | D:4      | Noticed Duvessa
  2692 | D:4      | Noticed Dowan
  2707 | D:4      | HP: 8/43 [Duvessa/puff of flame (4)]
  2711 | D:4      | Killed Dowan
  2711 | D:4      | HP: 3/43 [Duvessa/+0 short sword (2)]
  2712 | D:4      | Mangled by Duvessa

Levels and vault maps discovered:
D:1:      minmay_arrival_four_circles, layout_basic, minmay_quantized
D:2:      layout_rooms, st_stairs_7, minivault_25, nrook_uturn, uniq_terence
D:3:      layout_basic, nicolae_overflow_hidden_temple, uniq_jessica,
          uniq_robin, uniq_sigmund
D:4:      dreamdust_elfheim, layout_loops_ring, bloody_makhleb

Skill      XL: |  1  2  3  4  5  6 |
---------------+-------------------+-----
Ranged Weapons | 5 7 |  7.5
Fighting       | 3 4 |  4.0
Armour         | 1 2 |  2.1
Dodging        | |  1.5
Stealth        | |  1.1

Action                     |  1- 3 |  4- 6 |  7- 9 || total
---------------------------+-------+-------+-------++-------
   Fire: Shortbow          |   134 |   269 |    42 ||   445
    Use: Scroll            |     2 |     3 |       ||     5
         Potion            |       |     1 |       ||     1
 Armour: Leather armour    |    40 |    31 |       ||    71
         Ring mail         |       |    85 |    31 ||   116
  Dodge: Dodged            |    53 |   111 |    11 ||   175

Table legend:
 A = Non-vault XP
 B = Vault XP
 C = Vault XP percentage of total XP
 D = Non-vault monster count
 E = Vault monster count
 F = Vault count percentage of total count
                 A         B        C        D         E       F
            +---------+---------+-------+---------+---------+-------
      Total |     319 |     418 |  56.7 |     100 |      22 |  18.0
            +---------+---------+-------+---------+---------+-------
        D:1 |      59 |       4 |   6.3 |      32 |       3 |   8.6
        D:2 |      63 |      38 |  37.6 |      30 |       3 |   9.1
        D:3 |     106 |     307 |  74.3 |      22 |      15 |  40.5
        D:4 |      91 |      69 |  43.1 |      16 |       1 |   5.9
            +---------+---------+-------+---------+---------+-------
